Little Stars vs Punishers
(R1)
Created - February 2, 2025 at 21:16
Goals
|
| Little Stars |
2 |
2 |
1 |
5 |
| Punishers |
1 |
4 |
2 |
7 |
|
Shots
|
| Little Stars |
9 |
8 |
9 |
26 |
| Punishers |
4 |
20 |
10 |
34 |
|
1st period
1. Little Stars , Daniel O'regan 22 (Samuel Girard 30, Shane Gersich 29) at 2:19
2. Little Stars , Daniel O'regan 23 (Shane Gersich 30, Matt Luff 17) at 8:18
3. Punishers , Warren Foegele 3 (Daniel Audette 25, Kole Lind 25) at 19:57 (PP)
Penalties :
Ville Pokka (Tex) for Holding (Minor) at 1:21, Karson Kuhlman (Pro) for Holding (Minor) at 2:05, Nicolas Beaudin (Pro) for Interference (Minor) at 4:42, Emile Poirier (Tex) for Tripping (Minor) at 18:48
2nd period
4. Punishers , Niko Mikkola 3 (Kole Lind 26, Daniel Audette 26) at 3:42 (PP)
5. Punishers , Noah Juulsen 1 (Kurtis Gabriel 20) at 3:52 (PP)
6. Punishers , Carson Meyer 10 (Joel Kiviranta 5) at 10:17
7. Little Stars , Emile Poirier 7 (Daniel O'regan 35) at 10:32
8. Punishers , Carson Meyer 11 (Adam Ruzicka 16, Joel Kiviranta 6) at 12:34
9. Little Stars , Justin Auger 7 (Jason Dickinson 27) at 18:03
Penalties :
Shane Gersich (Tex) for Head-butting (Major / Game Misconduct) at 2:49
3rd period
10. Punishers , Warren Foegele 4 (Kole Lind 27, Daniel Audette 27) at 2:09
11. Little Stars , Filip Chytil 14 (Tucker Poolman 9, Ville Pokka 13) at 8:17
12. Punishers , Kurtis Gabriel 17 (Oskar Lindblom 22, Karson Kuhlman 27) at 19:45 (Empty Net)
Penalties :
Tucker Poolman (Tex) for Cross-checking (Minor) at 3:12, Karson Kuhlman (Pro) for Slashing (Minor) at 6:01, Matt Luff (Tex) for Holding (Minor) at 11:43, Filip Chytil (Tex) for Cross-checking (Minor) at 16:00
Goalie Stats
Danil Tarasov (Tex), 14 saves from 16 shots - (0.875), L, 9-15-5, 28:44 minutes
Ilya Konovalov (Tex), 13 saves from 17 shots - (0.765), 30:17 minutes
Cal Petersen (Pro), 21 saves from 26 shots - (0.808), W, 5-4-0, 60:00 minutes
Players Stats for Little Stars
Player Name G A P +/- PIM S H SB GA TA FO MP PP MP PK MP
------------------------------------------------------------------------------------
Aidan Mcdonough 0 0 0 -1 0 0 3 0 0 0 0/0 8:30 0:00 0:00
Blade Jenkins 0 0 0 0 0 0 0 0 0 0 0/0 0:00 0:00 0:00
Cal Burke 0 0 0 0 0 1 0 0 0 0 1/1 7:44 0:00 0:00
Connor Mackey 0 0 0 1 0 1 0 0 0 0 0/0 11:28 0:44 1:43
Daniel O'regan 2 1 3 2 0 5 2 0 1 1 14/36 23:30 1:56 7:26
Emile Poirier 1 0 1 0 2 3 2 4 0 1 0/3 22:36 2:16 6:08
Filip Chytil 1 0 1 0 2 2 4 0 0 0 3/8 16:19 1:08 2:51
Givani Smith 0 0 0 0 0 0 0 0 0 0 0/0 0:00 0:00 0:00
Ilya Mikheyev 0 0 0 0 0 0 0 0 0 0 0/0 0:18 0:11 0:00
Jack McBain 0 0 0 0 0 0 1 0 0 0 0/2 3:03 0:00 1:39
Jason Dickinson 0 1 1 0 0 2 1 1 0 1 8/11 11:59 1:38 0:53
Jean-Christophe Beaudin 0 0 0 0 0 0 0 0 0 0 0/0 0:00 0:00 0:00
Joey Anderson 0 0 0 -1 0 1 0 0 0 0 0/0 8:30 0:00 0:00
Jonathan Dahlen 0 0 0 0 0 0 0 0 1 0 0/1 9:39 0:00 1:12
Justin Auger 1 0 1 0 0 4 0 0 0 0 0/0 11:24 1:44 0:00
Lawrence Pilut 0 0 0 1 0 0 0 0 0 0 0/0 9:06 0:00 0:43
Matt Luff 0 1 1 1 2 0 4 0 0 0 0/0 16:13 2:09 0:00
Radel Fazleev 0 0 0 -1 0 1 2 0 1 0 1/3 8:30 0:00 0:00
Reece Willcox 0 0 0 0 0 2 2 2 0 1 0/0 29:22 2:23 6:58
Rudolfs Balcers 0 0 0 0 0 0 0 0 0 0 0/0 6:54 1:24 4:14
Samuel Girard 0 1 1 0 0 3 2 3 1 0 0/0 29:22 2:23 6:58
Shane Gersich 0 2 2 2 15 0 0 1 0 0 0/0 8:42 0:56 1:15
Tucker Poolman 0 1 1 0 2 1 2 0 0 1 0/0 21:27 2:19 4:21
Ville Pokka 0 1 1 0 2 0 0 1 0 1 0/0 21:14 2:19 4:55
Yakov Trenin 0 0 0 0 0 0 0 0 0 0 0/0 0:00 0:00 0:00
Players Stats for Punishers
Player Name G A P +/- PIM S H SB GA TA FO MP PP MP PK MP
------------------------------------------------------------------------------------
Adam Ruzicka 0 1 1 0 0 0 1 1 0 0 3/5 10:07 0:09 0:51
Ben Betker 0 0 0 0 0 2 0 3 1 2 0/0 27:20 7:46 2:16
Ben Meyers 0 0 0 0 0 0 1 1 0 0 3/4 7:37 0:00 0:00
Braden Tracey 0 0 0 0 0 1 3 0 0 0 0/0 7:37 0:00 0:00
Carson Meyer 2 0 2 1 0 2 0 0 1 0 0/0 11:13 0:38 1:23
Daniel Audette 0 3 3 0 0 0 1 0 0 0 5/10 15:55 4:26 0:54
Jack Ahcan 0 0 0 1 0 0 0 0 0 0 0/0 9:09 0:00 0:46
Jesse Ylonen 0 0 0 0 0 2 1 0 0 0 0/0 7:37 0:00 0:00
Joel Kiviranta 0 2 2 1 0 1 0 0 0 0 0/0 10:54 0:32 1:32
Karson Kuhlman 0 1 1 -1 4 3 2 0 0 0 22/38 22:15 7:17 0:57
Kole Lind 0 3 3 0 0 1 2 0 0 0 0/0 14:43 4:27 0:00
Kurtis Gabriel 1 1 2 0 0 4 1 0 0 0 2/4 22:16 7:18 0:54
Lassi Thomson 0 0 0 1 0 0 1 0 0 0 0/0 4:11 0:00 0:00
Marcus Karlberg 0 0 0 -1 0 0 0 0 0 0 0/0 1:40 0:50 0:02
Nicolas Beaudin 0 0 0 -3 2 2 1 2 0 0 0/0 18:43 4:29 1:16
Niko Mikkola 1 0 1 -3 0 2 0 2 0 1 0/0 19:32 4:29 2:26
Noah Juulsen 1 0 1 0 0 4 1 2 1 1 0/0 27:20 7:46 2:16
Oskar Lindblom 0 1 1 -1 0 6 5 1 3 0 3/4 24:31 7:20 2:08
Rasmus Sandin 0 0 0 1 0 0 0 0 0 0 0/0 5:09 0:34 0:24
Ryan Suzuki 0 0 0 0 0 0 0 0 0 0 0/0 1:16 0:54 0:00
Urho Vaakanainen 0 0 0 1 0 0 0 0 0 0 0/0 8:57 0:34 0:00
Warren Foegele 2 0 2 -1 0 4 3 1 0 0 0/0 15:58 4:35 0:43
3 Stars
1 - Daniel O'regan (Tex)
2 - Carson Meyer (Pro)
3 - Warren Foegele (Pro)
Power Play
Little Stars - 0 on 3 Attempt(s) - 0.00%
Punishers - 3 on 8 Attempt(s) - 37.50%
Penalty Kill
Little Stars - 5 on 8 Attempt(s) - 62.50%
- Score 0 goal in Penalty Kill
Punishers - 3 on 3 Attempt(s) - 100.00%
- Score 0 goal in Penalty Kill
Team Stat
Little Stars - Hits : 25 - Faceoff Wins : 27 - Blocked Shots : 12 - Penalty Minutes : 25
Punishers - Hits : 23 - Faceoff Wins : 38 - Blocked Shots : 13 - Penalty Minutes : 6
Official
Referees : Frederick L'Ecuyer and Brad Meier
Linesman : Travis Toomey and Kyle Flemington
Game Notes
Shane Gersich (Tex) for Head-butting (Major / Game Misconduct) at 2:49
Shane Gersich ejected from game at 2:49 of 2nd period
Danil Tarasov enters game at 10:17 of 2nd period
Kurtis Gabriel has scored in a empty net!
Finance
Level 1 -- Attendance: 1956 (97.80%) -- Ticket Income $136,920
Level 2 -- Attendance: 909 (90.90%) -- Ticket Income $36,360
Total Attendance: 2865 (95.50%)
Total Ticket Income: $173,280
Other Income: $8,664
Total Income: $181,944
Little Stars
5 vs 5 Forward
Center Left Wing Right Wing Time % Phy DF OF
1 Daniel O'regan Shane Gersich Matt Luff 40 1 2 2
2 Jason Dickinson Emile Poirier Justin Auger 30 1 2 2
3 Filip Chytil Jonathan Dahlen Cal Burke 20 1 2 2
4 Radel Fazleev Aidan Mcdonough Joey Anderson 10 1 2 2
5 vs 5 Defense
Defense Defense Time % Phy DF OF
1 Reece Willcox Samuel Girard 40 1 2 2
2 Tucker Poolman Ville Pokka 30 1 2 2
3 Connor Mackey Lawrence Pilut 20 1 2 2
4 Reece Willcox Samuel Girard 10 1 2 2
PowerPlay Forward
Center Left Wing Right Wing Time % Phy DF OF
1 Daniel O'regan Shane Gersich Matt Luff 60 1 2 2
2 Jason Dickinson Emile Poirier Justin Auger 40 1 2 2
PowerPlay Defense
Defense Defense Time % Phy DF OF
1 Reece Willcox Samuel Girard 60 1 2 2
2 Tucker Poolman Ville Pokka 40 1 2 2
Penalty Kill 4 Players Forward
Center Wing Time % Phy DF OF
1 Daniel O'regan Shane Gersich 60 1 2 2
2 Jason Dickinson Emile Poirier 40 1 2 2
Penalty Kill 4 Players Defense
Defense Defense Time % Phy DF OF
1 Reece Willcox Samuel Girard 60 1 2 2
2 Tucker Poolman Ville Pokka 40 1 2 2
Penalty Kill - 3 Players Forward
Forward Time % Phy DF OF
1 Daniel O'regan 60 1 2 2
2 Jason Dickinson 40 1 2 2
Penalty Kill - 3 Players Defense
Defense Defense Time % Phy DF OF
1 Reece Willcox Samuel Girard 60 1 2 2
2 Tucker Poolman Ville Pokka 40 1 2 2
4 vs 4 Forward
Center Wing Time % Phy DF OF
1 Daniel O'regan Shane Gersich 60 1 2 2
2 Jason Dickinson Emile Poirier 40 1 2 2
4 vs 4 Defense
Defense Defense Time % Phy DF OF
1 Reece Willcox Samuel Girard 60 1 2 2
2 Tucker Poolman Ville Pokka 40 1 2 2
Last Minutes Offensive
Center Left Wing Right Wing Defense Defense
Daniel O'regan Shane Gersich Matt Luff Reece Willcox Samuel Girard
Last Minutes Defensive
Center Left Wing Right Wing Defense Defense
Daniel O'regan Shane Gersich Matt Luff Reece Willcox Samuel Girard
Goaltenders
Starting : Ilya Konovalov
Backup : Danil Tarasov
Extra Forwards
Normal : Emile Poirier, Justin Auger, Filip Chytil - PP : Emile Poirier, Justin Auger - PK : Emile Poirier
Extra Defensemen
Normal : Ville Pokka, Connor Mackey, Lawrence Pilut - PP : Ville Pokka - PK : Ville Pokka, Connor Mackey
Penalty Shots
Daniel O'regan, Matt Luff, Shane Gersich, Jason Dickinson, Emile Poirier
Custom OT Lines Forwards
Daniel O'regan, Matt Luff, Shane Gersich, Jason Dickinson, Emile Poirier, Justin Auger, Filip Chytil, Radel Fazleev, Jonathan Dahlen, Aidan Mcdonough
Custom OT Lines Defensemen
Reece Willcox, Samuel Girard, Tucker Poolman, Ville Pokka, Connor Mackey
Scratches
Bulat Shafigullin (Healthy), Victor Soderstrom (Healthy), Rhett Pitlick (Healthy), Michael Giugovaz (Healthy)
Punishers
5 vs 5 Forward
Center Left Wing Right Wing Time % Phy DF OF
1 Karson Kuhlman Oskar Lindblom Kurtis Gabriel 40 1 2 2
2 Daniel Audette Warren Foegele Kole Lind 30 1 2 2
3 Adam Ruzicka Joel Kiviranta Carson Meyer 20 1 2 2
4 Ben Meyers Braden Tracey Jesse Ylonen 10 1 2 2
5 vs 5 Defense
Defense Defense Time % Phy DF OF
1 Noah Juulsen Ben Betker 40 1 2 2
2 Niko Mikkola Nicolas Beaudin 30 1 2 2
3 Urho Vaakanainen Jack Ahcan 20 1 2 2
4 Rasmus Sandin Lassi Thomson 10 1 2 2
PowerPlay Forward
Center Left Wing Right Wing Time % Phy DF OF
1 Karson Kuhlman Oskar Lindblom Kurtis Gabriel 60 1 2 2
2 Daniel Audette Warren Foegele Kole Lind 40 1 2 2
PowerPlay Defense
Defense Defense Time % Phy DF OF
1 Noah Juulsen Ben Betker 60 1 2 2
2 Niko Mikkola Nicolas Beaudin 40 1 2 2
Penalty Kill 4 Players Forward
Center Wing Time % Phy DF OF
1 Oskar Lindblom Karson Kuhlman 60 1 2 2
2 Kurtis Gabriel Daniel Audette 40 1 2 2
Penalty Kill 4 Players Defense
Defense Defense Time % Phy DF OF
1 Noah Juulsen Ben Betker 60 1 2 2
2 Niko Mikkola Nicolas Beaudin 40 1 2 2
Penalty Kill - 3 Players Forward
Forward Time % Phy DF OF
1 Oskar Lindblom 60 1 2 2
2 Karson Kuhlman 40 1 2 2
Penalty Kill - 3 Players Defense
Defense Defense Time % Phy DF OF
1 Noah Juulsen Ben Betker 60 1 2 2
2 Niko Mikkola Nicolas Beaudin 40 1 2 2
4 vs 4 Forward
Center Wing Time % Phy DF OF
1 Oskar Lindblom Karson Kuhlman 60 1 2 2
2 Kurtis Gabriel Daniel Audette 40 1 2 2
4 vs 4 Defense
Defense Defense Time % Phy DF OF
1 Noah Juulsen Ben Betker 60 1 2 2
2 Niko Mikkola Nicolas Beaudin 40 1 2 2
Last Minutes Offensive
Center Left Wing Right Wing Defense Defense
Karson Kuhlman Oskar Lindblom Kurtis Gabriel Noah Juulsen Ben Betker
Last Minutes Defensive
Center Left Wing Right Wing Defense Defense
Karson Kuhlman Oskar Lindblom Kurtis Gabriel Noah Juulsen Ben Betker
Goaltenders
Starting : Cal Petersen
Backup : Antoine Bibeau
Extra Forwards
Normal : Marcus Karlberg, Ryan Suzuki, Carson Meyer - PP : Marcus Karlberg, Ryan Suzuki - PK : Carson Meyer
Extra Defensemen
Normal : Urho Vaakanainen, Jack Ahcan, Rasmus Sandin - PP : Urho Vaakanainen - PK : Jack Ahcan, Rasmus Sandin
Penalty Shots
Oskar Lindblom, Karson Kuhlman, Kurtis Gabriel, Daniel Audette, Kole Lind
Custom OT Lines Forwards
Oskar Lindblom, Karson Kuhlman, Kurtis Gabriel, Daniel Audette, Kole Lind, Carson Meyer, Warren Foegele, Adam Ruzicka, Joel Kiviranta, Jesse Ylonen
Custom OT Lines Defensemen
Noah Juulsen, Ben Betker, Niko Mikkola, Nicolas Beaudin, Urho Vaakanainen
Scratches
Jack LaFontaine (Healthy), Carter Gylander (Healthy)
% Time on Ice - Little Stars
Lines # - Real PCT - Wanted PCT - Time Play
Normal Forward
1 - 37% - 40% - 15:01
2 - 23% - 30% - 9:05
3 - 19% - 20% - 7:44
4 - 21% - 10% - 8:30
Normal Defense
1 - 43% - 40% - 17:20
2 - 35% - 30% - 14:01
3 - 20% - 20% - 8:15
4 - 2% - 10% - 0:44
PP Forward
1 - 65% - 60% - 3:04
2 - 35% - 40% - 1:38
PP Defense
1 - 51% - 60% - 2:23
2 - 49% - 40% - 2:19
PK Forward
1 - 93% - 60% - 11:56
2 - 7% - 40% - 0:53
PK Defense
1 - 60% - 60% - 7:41
2 - 40% - 40% - 5:08
PK3 Forward
1 - 0% - 60%
2 - 0% - 40%
PK3 Defense
1 - 0% - 60%
2 - 0% - 40%
44 Forward
1 - 69% - 60% - 0:52
2 - 31% - 40% - 0:23
44 Defense
1 - 95% - 60% - 1:11
2 - 5% - 40% - 0:04
Last Minute Offensive - 0:54
Last Minute Defensive - 0:00
Total
Forward - 60:00
Defense - 60:00
|
% Time on Ice - Punishers
Lines # - Real PCT - Wanted PCT - Time Play
Normal Forward
1 - 34% - 40% - 13:37
2 - 26% - 30% - 10:23
3 - 22% - 20% - 8:46
4 - 19% - 10% - 7:37
Normal Defense
1 - 39% - 40% - 15:39
2 - 30% - 30% - 12:15
3 - 21% - 20% - 8:18
4 - 10% - 10% - 4:11
PP Forward
1 - 63% - 60% - 8:02
2 - 37% - 40% - 4:47
PP Defense
1 - 65% - 60% - 8:20
2 - 35% - 40% - 4:29
PK Forward
1 - 81% - 60% - 3:48
2 - 19% - 40% - 0:54
PK Defense
1 - 48% - 60% - 2:16
2 - 52% - 40% - 2:26
PK3 Forward
1 - 0% - 60%
2 - 0% - 40%
PK3 Defense
1 - 0% - 60%
2 - 0% - 40%
44 Forward
1 - 75% - 60% - 0:56
2 - 25% - 40% - 0:19
44 Defense
1 - 71% - 60% - 0:53
2 - 29% - 40% - 0:22
Last Minute Offensive - 0:00
Last Minute Defensive - 0:51
Total
Forward - 60:00
Defense - 60:00
|
Play-by-Play
1st period
0:01 of 1st period - Karson Kuhlman wins face-off versus Daniel O'regan in neutral zone.
0:52 of 1st period - Jonathan Dahlen is hit by Ben Meyers and loses puck.
1:01 of 1st period - Jonathan Dahlen is hit by Braden Tracey.
1:21 of 1st period - Minor Penalty to Ville Pokka for Holding.
1:22 of 1st period - Karson Kuhlman wins face-off versus Daniel O'regan in Little Stars zone.
1:59 of 1st period - Daniel O'regan is hit by Oskar Lindblom.
2:05 of 1st period - Minor Penalty to Karson Kuhlman for Holding.
2:06 of 1st period - Daniel O'regan wins face-off versus Oskar Lindblom in Punishers zone.
2:15 of 1st period - Snap shot by Daniel O'regan.
2:15 of 1st period - Shot Misses the Net.
2:17 of 1st period - Slapshot by Samuel Girard.
2:17 of 1st period - Shot Misses the Net.
2:19 of 1st period - Snap shot by Daniel O'regan.
2:19 of 1st period - Goal by Daniel O'regan - Little Stars : 1 - Punishers : 0.
2:20 of 1st period - Oskar Lindblom wins face-off versus Daniel O'regan in neutral zone.
2:33 of 1st period - Snap shot by Oskar Lindblom.
2:33 of 1st period - Shot Blocked by Reece Willcox.
3:21 of 1st period - Penalty to Ville Pokka is over, Ville Pokka is back on ice.
4:05 of 1st period - Penalty to Karson Kuhlman is over, Karson Kuhlman is back on ice.
4:36 of 1st period - Wrist shot by Shane Gersich.
4:36 of 1st period - Shot Blocked by Ben Betker.
4:38 of 1st period - Slapshot by Connor Mackey.
4:38 of 1st period - Stopped by Cal Petersen without a rebound.
4:39 of 1st period - Karson Kuhlman wins face-off versus Jason Dickinson in Punishers zone.
4:39 of 1st period - Karson Kuhlman is hit by Samuel Girard.
4:42 of 1st period - Minor Penalty to Nicolas Beaudin for Interference.
4:43 of 1st period - Oskar Lindblom wins face-off versus Emile Poirier in Punishers zone.
4:47 of 1st period - Snap shot by Oskar Lindblom.
4:47 of 1st period - Stopped by Ilya Konovalov with a rebound.
4:57 of 1st period - Wrist shot by Samuel Girard.
4:57 of 1st period - Shot Blocked by Niko Mikkola.
6:42 of 1st period - Penalty to Nicolas Beaudin is over, Nicolas Beaudin is back on ice.
7:54 of 1st period - Wrist shot by Aidan Mcdonough.
7:54 of 1st period - Deflect By Ben Meyers.
7:54 of 1st period - Shot Misses the Net.
7:54 of 1st period - Puck is out of play.
7:55 of 1st period - Radel Fazleev wins face-off versus Daniel Audette in Punishers zone.
7:58 of 1st period - Wrist shot by Radel Fazleev.
7:58 of 1st period - Shot Misses the Net.
8:00 of 1st period - Slapshot by Samuel Girard.
8:00 of 1st period - Stopped by Cal Petersen with a rebound.
8:02 of 1st period - Slapshot by Joey Anderson.
8:02 of 1st period - Shot Misses the Net.
8:04 of 1st period - Snap shot by Samuel Girard.
8:04 of 1st period - Stopped by Cal Petersen without a rebound.
8:05 of 1st period - Daniel O'regan wins face-off versus Daniel Audette in Punishers zone.
8:08 of 1st period - Wrist shot by Shane Gersich.
8:08 of 1st period - Shot Misses the Net.
8:16 of 1st period - Backhand shot by Shane Gersich.
8:16 of 1st period - Shot Blocked by Nicolas Beaudin.
8:18 of 1st period - Wrist shot by Daniel O'regan.
8:18 of 1st period - Goal by Daniel O'regan - Little Stars : 2 - Punishers : 0.
8:19 of 1st period - Karson Kuhlman wins face-off versus Jason Dickinson in neutral zone.
8:50 of 1st period - Off-side.
8:51 of 1st period - Daniel Audette wins face-off versus Daniel O'regan in neutral zone.
8:56 of 1st period - Slapshot by Noah Juulsen.
8:56 of 1st period - Shot Misses the Net.
9:06 of 1st period - Snap shot by Daniel O'regan.
9:06 of 1st period - Deflect By Shane Gersich.
9:06 of 1st period - Shot Blocked by Ben Betker.
9:06 of 1st period - Puck is out of play.
9:07 of 1st period - Jason Dickinson wins face-off versus Karson Kuhlman in Punishers zone.
9:16 of 1st period - Snap shot by Jason Dickinson.
9:16 of 1st period - Shot Misses the Net.
9:18 of 1st period - Slapshot by Justin Auger.
9:18 of 1st period - Shot Misses the Net.
9:20 of 1st period - Slapshot by Reece Willcox.
9:20 of 1st period - Deflect By Justin Auger.
9:20 of 1st period - Stopped by Cal Petersen with a rebound.
9:22 of 1st period - Slapshot by Reece Willcox.
9:22 of 1st period - Deflect By Jason Dickinson.
9:22 of 1st period - Stopped by Cal Petersen with a rebound.
9:34 of 1st period - Joel Kiviranta is hit by Matt Luff and loses puck.
10:22 of 1st period - Slapshot by Cal Burke.
10:22 of 1st period - Stopped by Cal Petersen with a rebound.
10:32 of 1st period - Slapshot by Karson Kuhlman.
10:32 of 1st period - Shot Blocked by Jason Dickinson.
11:04 of 1st period - Wrist shot by Daniel O'regan.
11:04 of 1st period - Shot Misses the Net.
11:06 of 1st period - Wrist shot by Shane Gersich.
11:06 of 1st period - Shot Misses the Net.
11:08 of 1st period - Snap shot by Daniel O'regan.
11:08 of 1st period - Shot Misses the Net.
11:18 of 1st period - Aidan Mcdonough is hit by Nicolas Beaudin and loses puck.
12:17 of 1st period - Emile Poirier is hit by Jesse Ylonen and loses puck.
13:09 of 1st period - Noah Juulsen is hit by Filip Chytil and loses puck.
13:40 of 1st period - Matt Luff is hit by Oskar Lindblom and loses puck.
14:09 of 1st period - Niko Mikkola is hit by Aidan Mcdonough.
14:13 of 1st period - Niko Mikkola is hit by Aidan Mcdonough and loses puck.
14:36 of 1st period - Wrist shot by Kole Lind.
14:36 of 1st period - Shot Blocked by Ville Pokka.
14:38 of 1st period - Slapshot by Nicolas Beaudin.
14:38 of 1st period - Shot Blocked by Shane Gersich.
14:40 of 1st period - Slapshot by Nicolas Beaudin.
14:40 of 1st period - Shot Misses the Net.
15:10 of 1st period - Wrist shot by Jesse Ylonen.
15:10 of 1st period - Stopped by Ilya Konovalov without a rebound.
15:11 of 1st period - Jason Dickinson wins face-off versus Ben Meyers in Little Stars zone.
15:46 of 1st period - Wrist shot by Karson Kuhlman.
15:46 of 1st period - Shot Misses the Net.
16:08 of 1st period - Jonathan Dahlen is hit by Kole Lind and loses puck.
16:25 of 1st period - Snap shot by Radel Fazleev.
16:25 of 1st period - Shot Misses the Net.
16:43 of 1st period - Wrist shot by Kurtis Gabriel.
16:43 of 1st period - Stopped by Ilya Konovalov with a rebound.
16:45 of 1st period - Wrist shot by Oskar Lindblom.
16:45 of 1st period - Shot Misses the Net.
17:09 of 1st period - Wrist shot by Daniel O'regan.
17:09 of 1st period - Stopped by Cal Petersen with a rebound.
17:44 of 1st period - Carson Meyer is hit by Tucker Poolman and loses puck.
18:48 of 1st period - Minor Penalty to Emile Poirier for Tripping.
18:49 of 1st period - Daniel O'regan wins face-off versus Karson Kuhlman in Little Stars zone.
19:09 of 1st period - Samuel Girard is hit by Oskar Lindblom and loses puck.
19:55 of 1st period - Snap shot by Daniel Audette.
19:55 of 1st period - Shot Misses the Net.
19:57 of 1st period - Wrist shot by Warren Foegele.
19:57 of 1st period - Goal by Warren Foegele - Little Stars : 2 - Punishers : 1.
19:58 of 1st period - Karson Kuhlman wins face-off versus Jason Dickinson in neutral zone.
Goals for this period are 2 for Little Stars vs 1 for Punishers.
Shots for this period are 9 for Little Stars vs 4 for Punishers.
2nd period
0:01 of 2nd period - Daniel O'regan wins face-off versus Karson Kuhlman in neutral zone.
0:04 of 2nd period - Snap shot by Daniel O'regan.
0:04 of 2nd period - Stopped by Cal Petersen without a rebound.
0:05 of 2nd period - Karson Kuhlman wins face-off versus Daniel O'regan in Punishers zone.
0:36 of 2nd period - Snap shot by Jason Dickinson.
0:36 of 2nd period - Stopped by Cal Petersen with a rebound.
0:38 of 2nd period - Snap shot by Justin Auger.
0:38 of 2nd period - Shot Misses the Net.
0:40 of 2nd period - Snap shot by Justin Auger.
0:40 of 2nd period - Stopped by Cal Petersen with a rebound.
0:42 of 2nd period - Slapshot by Samuel Girard.
0:42 of 2nd period - Shot Misses the Net.
1:16 of 2nd period - Off-side.
1:17 of 2nd period - Ben Meyers wins face-off versus Filip Chytil in neutral zone.
1:29 of 2nd period - Niko Mikkola is hit by Filip Chytil and loses puck.
1:44 of 2nd period - Slapshot by Oskar Lindblom.
1:44 of 2nd period - Stopped by Ilya Konovalov with a rebound.
1:46 of 2nd period - Slapshot by Nicolas Beaudin.
1:46 of 2nd period - Stopped by Ilya Konovalov with a rebound.
1:48 of 2nd period - Snap shot by Nicolas Beaudin.
1:48 of 2nd period - Deflect By Karson Kuhlman.
1:48 of 2nd period - Shot Misses the Net.
1:48 of 2nd period - Puck is out of play.
1:49 of 2nd period - Karson Kuhlman wins face-off versus Daniel O'regan in Little Stars zone.
1:50 of 2nd period - Snap shot by Kurtis Gabriel.
1:50 of 2nd period - Stopped by Ilya Konovalov without a rebound.
1:51 of 2nd period - Kurtis Gabriel wins face-off versus Daniel O'regan in Little Stars zone.
1:56 of 2nd period - Slapshot by Oskar Lindblom.
1:56 of 2nd period - Stopped by Ilya Konovalov without a rebound.
1:57 of 2nd period - Karson Kuhlman wins face-off versus Daniel O'regan in Little Stars zone.
2:00 of 2nd period - Snap shot by Kurtis Gabriel.
2:00 of 2nd period - Shot Hit the Post.
2:08 of 2nd period - Snap shot by Oskar Lindblom.
2:08 of 2nd period - Shot Misses the Net.
2:10 of 2nd period - Slapshot by Urho Vaakanainen.
2:10 of 2nd period - Deflect By Karson Kuhlman.
2:10 of 2nd period - Shot Misses the Net.
2:10 of 2nd period - Puck is out of play.
2:11 of 2nd period - Karson Kuhlman wins face-off versus Daniel O'regan in Little Stars zone.
2:12 of 2nd period - Snap shot by Oskar Lindblom.
2:12 of 2nd period - Shot Misses the Net.
2:14 of 2nd period - Snap shot by Karson Kuhlman.
2:14 of 2nd period - Stopped by Ilya Konovalov without a rebound.
2:15 of 2nd period - Karson Kuhlman wins face-off versus Daniel O'regan in Little Stars zone.
2:20 of 2nd period - Snap shot by Kurtis Gabriel.
2:20 of 2nd period - Deflect By Oskar Lindblom.
2:20 of 2nd period - Stopped by Ilya Konovalov with a rebound.
2:22 of 2nd period - Slapshot by Noah Juulsen.
2:22 of 2nd period - Stopped by Ilya Konovalov with a rebound.
2:24 of 2nd period - Slapshot by Ben Betker.
2:24 of 2nd period - Shot Blocked by Samuel Girard.
2:26 of 2nd period - Wrist shot by Oskar Lindblom.
2:26 of 2nd period - Shot Misses the Net.
2:31 of 2nd period - Off-side.
2:32 of 2nd period - Jason Dickinson wins face-off versus Daniel Audette in neutral zone.
2:45 of 2nd period - Wrist shot by Kole Lind.
2:45 of 2nd period - Deflect By Warren Foegele.
2:45 of 2nd period - Shot Misses the Net.
2:45 of 2nd period - Puck is out of play.
2:46 of 2nd period - Daniel O'regan wins face-off versus Karson Kuhlman in Little Stars zone.
2:46 of 2nd period - Daniel O'regan is hit by Karson Kuhlman.
2:49 of 2nd period - Major / Game Misconduct Penalty to Shane Gersich for Head-butting.
2:49 of 2nd period - Shane Gersich is ejected from game.
2:50 of 2nd period - Daniel O'regan wins face-off versus Karson Kuhlman in Little Stars zone.
2:50 of 2nd period - Daniel O'regan is hit by Oskar Lindblom.
3:15 of 2nd period - Daniel O'regan is hit by Karson Kuhlman and loses puck.
3:28 of 2nd period - Wrist shot by Oskar Lindblom.
3:28 of 2nd period - Shot Blocked by Samuel Girard.
3:30 of 2nd period - Slapshot by Ben Betker.
3:30 of 2nd period - Stopped by Ilya Konovalov without a rebound.
3:31 of 2nd period - Daniel Audette wins face-off versus Daniel O'regan in Little Stars zone.
3:38 of 2nd period - Snap shot by Kole Lind.
3:38 of 2nd period - Shot Misses the Net.
3:40 of 2nd period - Wrist shot by Kole Lind.
3:40 of 2nd period - Stopped by Ilya Konovalov with a rebound.
3:42 of 2nd period - Slapshot by Niko Mikkola.
3:42 of 2nd period - Deflect By Daniel O'regan.
3:42 of 2nd period - Goal by Niko Mikkola - Little Stars : 2 - Punishers : 2.
3:43 of 2nd period - Daniel O'regan wins face-off versus Karson Kuhlman in neutral zone.
3:46 of 2nd period - Slapshot by Samuel Girard.
3:46 of 2nd period - Stopped by Cal Petersen with a rebound.
3:52 of 2nd period - Slapshot by Noah Juulsen.
3:52 of 2nd period - Goal by Noah Juulsen - Little Stars : 2 - Punishers : 3.
3:53 of 2nd period - Daniel O'regan wins face-off versus Kurtis Gabriel in neutral zone.
4:04 of 2nd period - Noah Juulsen is hit by Daniel O'regan and loses puck.
4:23 of 2nd period - Emile Poirier is hit by Kole Lind and loses puck.
5:39 of 2nd period - Warren Foegele is hit by Jack McBain and loses puck.
7:49 of 2nd period - Penalty to Shane Gersich is over, Ilya Mikheyev is send on ice.
8:09 of 2nd period - Snap shot by Radel Fazleev.
8:09 of 2nd period - Deflect By Ben Meyers.
8:09 of 2nd period - Stopped by Cal Petersen with a rebound.
8:23 of 2nd period - Jack Ahcan is hit by Matt Luff and loses puck.
8:34 of 2nd period - Joel Kiviranta is hit by Emile Poirier and loses puck.
8:42 of 2nd period - Icing by Adam Ruzicka.
8:43 of 2nd period - Karson Kuhlman wins face-off versus Filip Chytil in Punishers zone.
8:48 of 2nd period - Urho Vaakanainen is hit by Matt Luff and loses puck.
8:53 of 2nd period - Wrist shot by Matt Luff.
8:53 of 2nd period - Shot Blocked by Oskar Lindblom.
9:14 of 2nd period - Kole Lind is hit by Radel Fazleev and loses puck.
10:11 of 2nd period - Wrist shot by Joel Kiviranta.
10:11 of 2nd period - Stopped by Ilya Konovalov with a rebound.
10:17 of 2nd period - Snap shot by Carson Meyer.
10:17 of 2nd period - Goal by Carson Meyer - Little Stars : 2 - Punishers : 4.
10:17 of 2nd period - Danil Tarasov enters game.
10:18 of 2nd period - Daniel O'regan wins face-off versus Karson Kuhlman in neutral zone.
10:26 of 2nd period - Off-side.
10:27 of 2nd period - Daniel O'regan wins face-off versus Karson Kuhlman in neutral zone.
10:32 of 2nd period - Snap shot by Emile Poirier.
10:32 of 2nd period - Goal by Emile Poirier - Little Stars : 3 - Punishers : 4.
10:33 of 2nd period - Karson Kuhlman wins face-off versus Daniel O'regan in neutral zone.
10:38 of 2nd period - Slapshot by Ben Betker.
10:38 of 2nd period - Stopped by Danil Tarasov with a rebound.
11:11 of 2nd period - Off-side.
11:12 of 2nd period - Adam Ruzicka wins face-off versus Emile Poirier in neutral zone.
11:38 of 2nd period - Kurtis Gabriel is hit by Tucker Poolman and loses puck.
12:16 of 2nd period - Radel Fazleev is hit by Warren Foegele and loses puck.
12:34 of 2nd period - Wrist shot by Adam Ruzicka.
12:34 of 2nd period - Deflect By Carson Meyer.
12:34 of 2nd period - Goal by Carson Meyer - Little Stars : 3 - Punishers : 5.
12:35 of 2nd period - Karson Kuhlman wins face-off versus Daniel O'regan in neutral zone.
12:44 of 2nd period - Snap shot by Karson Kuhlman.
12:44 of 2nd period - Stopped by Danil Tarasov with a rebound.
13:02 of 2nd period - Ben Betker is hit by Reece Willcox and loses puck.
13:09 of 2nd period - Filip Chytil is hit by Warren Foegele and loses puck.
14:19 of 2nd period - Joey Anderson is hit by Daniel Audette and loses puck.
14:52 of 2nd period - Slapshot by Nicolas Beaudin.
14:52 of 2nd period - Stopped by Danil Tarasov without a rebound.
14:53 of 2nd period - Cal Burke wins face-off versus Daniel Audette in Little Stars zone.
15:00 of 2nd period - Wrist shot by Kole Lind.
15:00 of 2nd period - Shot Misses the Net.
15:02 of 2nd period - Slapshot by Warren Foegele.
15:02 of 2nd period - Shot Misses the Net.
15:04 of 2nd period - Slapshot by Warren Foegele.
15:04 of 2nd period - Stopped by Danil Tarasov with a rebound.
15:06 of 2nd period - Wrist shot by Noah Juulsen.
15:06 of 2nd period - Stopped by Danil Tarasov with a rebound.
15:08 of 2nd period - Slapshot by Kole Lind.
15:08 of 2nd period - Shot Misses the Net.
15:26 of 2nd period - Slapshot by Noah Juulsen.
15:26 of 2nd period - Stopped by Danil Tarasov with a rebound.
15:28 of 2nd period - Slapshot by Oskar Lindblom.
15:28 of 2nd period - Shot Misses the Net.
15:48 of 2nd period - Snap shot by Joey Anderson.
15:48 of 2nd period - Stopped by Cal Petersen with a rebound.
16:00 of 2nd period - Snap shot by Daniel O'regan.
16:00 of 2nd period - Deflect By Emile Poirier.
16:00 of 2nd period - Shot Misses the Net.
16:00 of 2nd period - Puck is out of play.
16:01 of 2nd period - Daniel Audette wins face-off versus Daniel O'regan in Punishers zone.
16:53 of 2nd period - Ben Betker is hit by Radel Fazleev and loses puck.
18:03 of 2nd period - Snap shot by Justin Auger.
18:03 of 2nd period - Goal by Justin Auger - Little Stars : 4 - Punishers : 5.
18:04 of 2nd period - Kurtis Gabriel wins face-off versus Daniel O'regan in neutral zone.
18:21 of 2nd period - Off-side.
18:22 of 2nd period - Jason Dickinson wins face-off versus Daniel Audette in neutral zone.
18:32 of 2nd period - Snap shot by Jason Dickinson.
18:32 of 2nd period - Shot Blocked by Warren Foegele.
18:48 of 2nd period - Oskar Lindblom is hit by Filip Chytil and loses puck.
19:09 of 2nd period - Adam Ruzicka is hit by Reece Willcox and loses puck.
19:18 of 2nd period - Wrist shot by Radel Fazleev.
19:18 of 2nd period - Shot Blocked by Niko Mikkola.
19:20 of 2nd period - Slapshot by Reece Willcox.
19:20 of 2nd period - Deflect By Aidan Mcdonough.
19:20 of 2nd period - Shot Blocked by Adam Ruzicka.
19:20 of 2nd period - Puck is out of play.
19:21 of 2nd period - Karson Kuhlman wins face-off versus Emile Poirier in Punishers zone.
19:21 of 2nd period - Karson Kuhlman is hit by Jason Dickinson.
19:27 of 2nd period - Slapshot by Noah Juulsen.
19:27 of 2nd period - Shot Misses the Net.
19:52 of 2nd period - Wrist shot by Connor Mackey.
19:52 of 2nd period - Shot Blocked by Noah Juulsen.
Goals for this period are 2 for Little Stars vs 4 for Punishers.
Shots for this period are 8 for Little Stars vs 20 for Punishers.
3rd period
0:01 of 3rd period - Daniel O'regan wins face-off versus Karson Kuhlman in neutral zone.
0:04 of 3rd period - Slapshot by Samuel Girard.
0:04 of 3rd period - Deflect By Emile Poirier.
0:04 of 3rd period - Shot Misses the Net.
0:04 of 3rd period - Puck is out of play.
0:05 of 3rd period - Karson Kuhlman wins face-off versus Daniel O'regan in Punishers zone.
0:12 of 3rd period - Wrist shot by Noah Juulsen.
0:12 of 3rd period - Shot Blocked by Emile Poirier.
0:14 of 3rd period - Snap shot by Karson Kuhlman.
0:14 of 3rd period - Stopped by Danil Tarasov without a rebound.
0:15 of 3rd period - Daniel O'regan wins face-off versus Karson Kuhlman in Little Stars zone.
0:28 of 3rd period - Snap shot by Oskar Lindblom.
0:28 of 3rd period - Shot Misses the Net.
1:05 of 3rd period - Carson Meyer is hit by Aidan Mcdonough and loses puck.
1:20 of 3rd period - Ben Meyers is hit by Emile Poirier.
1:28 of 3rd period - Slapshot by Emile Poirier.
1:28 of 3rd period - Stopped by Cal Petersen with a rebound.
1:59 of 3rd period - Off-side.
2:00 of 3rd period - Daniel Audette wins face-off versus Radel Fazleev in neutral zone.
2:03 of 3rd period - Snap shot by Daniel Audette.
2:03 of 3rd period - Shot Misses the Net.
2:05 of 3rd period - Wrist shot by Kole Lind.
2:05 of 3rd period - Shot Misses the Net.
2:07 of 3rd period - Snap shot by Warren Foegele.
2:07 of 3rd period - Stopped by Danil Tarasov with a rebound.
2:09 of 3rd period - Snap shot by Warren Foegele.
2:09 of 3rd period - Goal by Warren Foegele - Little Stars : 4 - Punishers : 6.
2:10 of 3rd period - Jason Dickinson wins face-off versus Karson Kuhlman in neutral zone.
2:36 of 3rd period - Kole Lind is hit by Daniel O'regan and loses puck.
2:45 of 3rd period - Snap shot by Daniel O'regan.
2:45 of 3rd period - Deflect By Matt Luff.
2:45 of 3rd period - Shot Misses the Net.
2:45 of 3rd period - Puck is out of play.
2:46 of 3rd period - Daniel O'regan wins face-off versus Kurtis Gabriel in Punishers zone.
2:47 of 3rd period - Snap shot by Matt Luff.
2:47 of 3rd period - Shot Blocked by Nicolas Beaudin.
3:12 of 3rd period - Minor Penalty to Tucker Poolman for Cross-checking.
3:13 of 3rd period - Karson Kuhlman wins face-off versus Daniel O'regan in Little Stars zone.
3:13 of 3rd period - Slapshot by Kurtis Gabriel.
3:13 of 3rd period - Shot Misses the Net.
3:25 of 3rd period - Daniel O'regan is hit by Oskar Lindblom.
3:34 of 3rd period - Icing by Oskar Lindblom.
3:35 of 3rd period - Daniel O'regan wins face-off versus Karson Kuhlman in Punishers zone.
5:12 of 3rd period - Penalty to Tucker Poolman is over, Tucker Poolman is back on ice.
5:30 of 3rd period - Icing by Samuel Girard.
5:31 of 3rd period - Ben Meyers wins face-off versus Jack McBain in Little Stars zone.
5:52 of 3rd period - Snap shot by Tucker Poolman.
5:52 of 3rd period - Shot Misses the Net.
5:54 of 3rd period - Slapshot by Reece Willcox.
5:54 of 3rd period - Deflect By Tucker Poolman.
5:54 of 3rd period - Shot Blocked by Ben Meyers.
5:54 of 3rd period - Puck is out of play.
5:55 of 3rd period - Jason Dickinson wins face-off versus Karson Kuhlman in Punishers zone.
6:01 of 3rd period - Minor Penalty to Karson Kuhlman for Slashing.
6:02 of 3rd period - Oskar Lindblom wins face-off versus Daniel O'regan in Punishers zone.
6:47 of 3rd period - Matt Luff is hit by Adam Ruzicka and loses puck.
7:12 of 3rd period - Samuel Girard is hit by Warren Foegele and loses puck.
7:59 of 3rd period - Icing by Ville Pokka.
8:00 of 3rd period - Adam Ruzicka wins face-off versus Filip Chytil in Little Stars zone.
8:01 of 3rd period - Penalty to Karson Kuhlman is over, Karson Kuhlman is back on ice.
8:05 of 3rd period - Snap shot by Warren Foegele.
8:05 of 3rd period - Shot Misses the Net.
8:17 of 3rd period - Slapshot by Filip Chytil.
8:17 of 3rd period - Goal by Filip Chytil - Little Stars : 5 - Punishers : 6.
8:18 of 3rd period - Karson Kuhlman wins face-off versus Jonathan Dahlen in neutral zone.
8:23 of 3rd period - Reece Willcox is hit by Kurtis Gabriel and loses puck.
9:17 of 3rd period - Snap shot by Carson Meyer.
9:17 of 3rd period - Shot Blocked by Emile Poirier.
9:23 of 3rd period - Wrist shot by Carson Meyer.
9:23 of 3rd period - Shot Blocked by Emile Poirier.
9:54 of 3rd period - Icing by Oskar Lindblom.
9:55 of 3rd period - Karson Kuhlman wins face-off versus Filip Chytil in Punishers zone.
10:06 of 3rd period - Slapshot by Kurtis Gabriel.
10:06 of 3rd period - Shot Misses the Net.
10:24 of 3rd period - Snap shot by Justin Auger.
10:24 of 3rd period - Stopped by Cal Petersen with a rebound.
10:26 of 3rd period - Slapshot by Tucker Poolman.
10:26 of 3rd period - Stopped by Cal Petersen with a rebound.
10:28 of 3rd period - Slapshot by Emile Poirier.
10:28 of 3rd period - Stopped by Cal Petersen without a rebound.
10:29 of 3rd period - Jason Dickinson wins face-off versus Karson Kuhlman in Punishers zone.
10:54 of 3rd period - Urho Vaakanainen is hit by Samuel Girard and loses puck.
11:05 of 3rd period - Wrist shot by Kurtis Gabriel.
11:05 of 3rd period - Stopped by Danil Tarasov without a rebound.
11:06 of 3rd period - Daniel Audette wins face-off versus Radel Fazleev in Little Stars zone.
11:24 of 3rd period - Ville Pokka is hit by Noah Juulsen and loses puck.
11:35 of 3rd period - Wrist shot by Jesse Ylonen.
11:35 of 3rd period - Deflect By Braden Tracey.
11:35 of 3rd period - Stopped by Danil Tarasov without a rebound.
11:36 of 3rd period - Ben Meyers wins face-off versus Daniel O'regan in Little Stars zone.
11:41 of 3rd period - Wrist shot by Jesse Ylonen.
11:41 of 3rd period - Stopped by Danil Tarasov with a rebound.
11:43 of 3rd period - Minor Penalty to Matt Luff for Holding.
11:44 of 3rd period - Karson Kuhlman wins face-off versus Daniel O'regan in Little Stars zone.
11:59 of 3rd period - Slapshot by Ben Betker.
11:59 of 3rd period - Shot Blocked by Samuel Girard.
12:15 of 3rd period - Snap shot by Kole Lind.
12:15 of 3rd period - Shot Misses the Net.
12:17 of 3rd period - Snap shot by Warren Foegele.
12:17 of 3rd period - Shot Misses the Net.
12:19 of 3rd period - Slapshot by Nicolas Beaudin.
12:19 of 3rd period - Shot Blocked by Emile Poirier.
12:21 of 3rd period - Slapshot by Niko Mikkola.
12:21 of 3rd period - Stopped by Danil Tarasov with a rebound.
12:23 of 3rd period - Wrist shot by Warren Foegele.
12:23 of 3rd period - Shot Blocked by Reece Willcox.
12:25 of 3rd period - Slapshot by Nicolas Beaudin.
12:25 of 3rd period - Deflect By Daniel Audette.
12:25 of 3rd period - Shot Misses the Net.
12:25 of 3rd period - Puck is out of play.
12:26 of 3rd period - Karson Kuhlman wins face-off versus Daniel O'regan in Little Stars zone.
12:49 of 3rd period - Snap shot by Samuel Girard.
12:49 of 3rd period - Shot Misses the Net.
13:43 of 3rd period - Penalty to Matt Luff is over, Matt Luff is back on ice.
14:50 of 3rd period - Filip Chytil is hit by Lassi Thomson and loses puck.
15:23 of 3rd period - Aidan Mcdonough is hit by Braden Tracey.
16:00 of 3rd period - Minor Penalty to Filip Chytil for Cross-checking.
16:01 of 3rd period - Karson Kuhlman wins face-off versus Daniel O'regan in Little Stars zone.
16:08 of 3rd period - Slapshot by Oskar Lindblom.
16:08 of 3rd period - Shot Misses the Net.
16:10 of 3rd period - Snap shot by Oskar Lindblom.
16:10 of 3rd period - Stopped by Danil Tarasov with a rebound.
16:45 of 3rd period - Off-side.
16:46 of 3rd period - Karson Kuhlman wins face-off versus Jack McBain in neutral zone.
17:31 of 3rd period - Wrist shot by Oskar Lindblom.
17:31 of 3rd period - Stopped by Danil Tarasov with a rebound.
18:00 of 3rd period - Penalty to Filip Chytil is over, Filip Chytil is back on ice.
18:13 of 3rd period - Filip Chytil is hit by Braden Tracey and loses puck.
18:26 of 3rd period - Wrist shot by Filip Chytil.
18:26 of 3rd period - Stopped by Cal Petersen with a rebound.
18:28 of 3rd period - Snap shot by Rudolfs Balcers.
18:28 of 3rd period - Shot Misses the Net.
18:30 of 3rd period - Wrist shot by Connor Mackey.
18:30 of 3rd period - Deflect By Daniel O'regan.
18:30 of 3rd period - Stopped by Cal Petersen without a rebound.
18:31 of 3rd period - Jason Dickinson wins face-off versus Adam Ruzicka in Punishers zone.
18:34 of 3rd period - Wrist shot by Justin Auger.
18:34 of 3rd period - Shot Misses the Net.
18:46 of 3rd period - Little Stars, Danil Tarasov is pulled from the net.
18:59 of 3rd period - Off-side.
19:00 of 3rd period - Mike Yeo call a timeout for Little Stars.
19:00 of 3rd period - Filip Chytil wins face-off versus Karson Kuhlman in neutral zone.
19:03 of 3rd period - Ben Betker is hit by Matt Luff and loses puck.
19:19 of 3rd period - Off-side.
19:20 of 3rd period - Filip Chytil wins face-off versus Karson Kuhlman in neutral zone.
19:27 of 3rd period - Wrist shot by Reece Willcox.
19:27 of 3rd period - Shot Misses the Net.
19:43 of 3rd period - Snap shot by Oskar Lindblom.
19:43 of 3rd period - Shot Misses the Net.
19:45 of 3rd period - Snap shot by Kurtis Gabriel.
19:45 of 3rd period - Goal by Kurtis Gabriel - Little Stars : 5 - Punishers : 7.
19:45 of 3rd period - Danil Tarasov from Little Stars was sent back in the game.
19:46 of 3rd period - Filip Chytil wins face-off versus Adam Ruzicka in neutral zone.
19:49 of 3rd period - Slapshot by Samuel Girard.
19:49 of 3rd period - Shot Blocked by Noah Juulsen.
19:51 of 3rd period - Wrist shot by Reece Willcox.
19:51 of 3rd period - Stopped by Cal Petersen with a rebound.
19:53 of 3rd period - Snap shot by Filip Chytil.
19:53 of 3rd period - Shot Blocked by Ben Betker.
19:55 of 3rd period - Slapshot by Reece Willcox.
19:55 of 3rd period - Stopped by Cal Petersen without a rebound.
19:56 of 3rd period - Adam Ruzicka wins face-off versus Filip Chytil in Punishers zone.
19:56 of 3rd period - Adam Ruzicka is hit by Filip Chytil.
Goals for this period are 1 for Little Stars vs 2 for Punishers.
Shots for this period are 9 for Little Stars vs 10 for Punishers.